 Dungeon Crawl Stone Soup version 0.21-a0-401-g0b6bec4 (webtiles) character file.

5682 Hasart the Geomancer (level 10, -5/69 HPs)
             Began as a Demigod Earth Elementalist on Oct 25, 2017.
             Slain by a hellwing (6 damage)
             ... on level 8 of the Dungeon.
             The game lasted 00:19:22 (8931 turns).

Hasart the Geomancer (Demigod Earth Elementalist)   Turns: 8931, Time: 00:19:23

Health: -5/69      AC:  4    Str: 11    XL:     10   Next: 23%
Magic:  2/24       EV: 12    Int: 25    God:
Gold:   438        SH:  5    Dex: 16    Spells: 13/22 levels left

rFire    . . .     SeeInvis .   M - +3 spear (pierce)
rCold    . . .     Gourm    .   y - +0 buckler
rNeg     + . .     Faith    .   J - +1 robe {Archmagi}
rPois    .         Spirit   .   (no helmet)
rElec    .         Reflect  .   k - +0 cloak
rCorr    .         Harm     .   (no gloves)
MR       +....                  (no boots)
Stlth    ++........             r - amulet of rage
HPRegen  0.21/turn              p - ring of positive energy
MPRegen  0.19/turn              (no ring)

@: no status effects
A: high mp 1
a: Evoke Berserk Rage


You were on level 8 of the Dungeon.
You were hungry.

You visited 1 branch of the dungeon, and saw 8 of its levels.

You collected 438 gold pieces.

Inventory:

Hand Weapons
 o - a +2 short sword of holy wrath
 F - a +4 quarterstaff of chaos
 M - a +3 spear of piercing (weapon)
Missiles
 b - 56 stones (quivered)
Armour
 c - a +0 robe
 k - a +0 cloak (worn)
 y - a +0 buckler (worn)
 J - a +1 robe of the Archmagi (worn)
Jewellery
 p - a ring of positive energy (left hand)
 r - an amulet of rage (around neck)
Wands
 D - a wand of iceblast (12/15)
 P - a wand of iceblast (6/15)
Scrolls
 g - 2 scrolls of magic mapping
 j - a scroll of blinking
 l - 2 scrolls of immolation
 m - 6 scrolls of identify
 t - 2 scrolls of fear
 v - a scroll of torment {unknown}
 w - 3 scrolls of teleportation
 E - 2 scrolls of enchant weapon {unknown}
 K - a scroll of amnesia {unknown}
 O - 2 scrolls of random uselessness {unknown}
Potions
 a - 4 potions of ambrosia {unknown}
 f - 3 potions of agility {unknown}
 i - 4 potions of curing
 q - 2 potions of lignification
 s - 2 potions of magic {unknown}
 u - 3 potions of heal wounds
 x - a potion of degeneration {unknown}
 z - 3 potions of cancellation {unknown}
 A - a potion of berserk rage {unknown}
 B - a potion of resistance {unknown}
 G - 2 potions of invisibility {unknown}
 H - a potion of flight {unknown}
 I - a potion of haste {unknown}
Books
 e - a book of Geomancy

   Spells                             Type                      Level
   a - Sandblast                      Earth                        1
   b - Passwall                       Transmutation/Earth          2
   c - Stone Arrow                    Conjuration/Earth            3
   d - Petrify                        Transmutation/Earth          4
   e - Lee's Rapid Deconstruction     Earth                        5
 L - a book of Changes

   Spells                             Type                      Level
   a - Beastly Appendage              Transmutation                1
   b - Sticks to Snakes               Transmutation                2
   c - Spider Form                    Transmutation/Poison         3
   d - Ice Form                       Ice/Transmutation            4
   e - Blade Hands                    Transmutation                5
 N - a book of Debilitation

   Spells                             Type                      Level
   a - Corona                         Hexes                        1
   b - Slow                           Hexes                        2
   c - Inner Flame                    Hexes/Fire                   3
   d - Portal Projectile              Hexes/Translocation          3
   e - Cause Fear                     Hexes                        4
   f - Leda's Liquefaction            Hexes/Earth                  4
Comestibles
 d - 5 bread rations
 h - 5 royal jellies
 n - 7 meat rations
 C - 18 fruits


   Skills:
 - Level 1.7 Dodging
 - Level 1.7 Stealth
 - Level 4.0 Shields
 + Level 6.9 Spellcasting
 + Level 5.5 Conjurations
   Level 0.8 Transmutations
 * Level 10.6 Earth Magic


You had 13 spell levels left.
You knew the following spells:

 Your Spells              Type           Power        Failure   Level  Hunger
a - Sandblast             Erth           ######       1%          1    None
b - Stone Arrow           Conj/Erth      ######       1%          3    None
c - Lee's Rapid Deconstr  Erth           #######...   2%          5    #####..


Dungeon Overview and Level Annotations

Branches:
Dungeon (8/15)             Temple (0/1) D:5
   Lair: D:8-11

Shops:
D:6 %


Innate Abilities, Weirdness & Mutations

You have an increased reservoir of magic. (+10% MP)


Message History

Aim: a hellwing (severely wounded)
You feel a surge of power!
The stone arrow hits the hellwing.
The hellwing is almost dead.
The shadow imp picks up a beetle and eats it.
The hellwing hits you!
* * * LOW HITPOINT WARNING * * *
The hellwing hits you.
* * * LOW HITPOINT WARNING * * *
Casting: Stone Arrow
Confirm with . or Enter, or press ? or * to list all spells.
Aiming: Stone Arrow
Press: ? - help, Shift-Dir - straight line, f/p - hellwing
Aim: a hellwing (almost dead)
You feel a surge of power!
The stone arrow hits the hellwing.
The hellwing is almost dead.
The shadow imp shouts, "Turn tail, thou foisting mumble-news hedge-pig!"
The hellwing hits you!
* * * LOW HITPOINT WARNING * * *
The hellwing hits you.
You die...

P.......8....#
....P...8....##
.)?...........+
....P..)∩..P......###
........$.P.P...##
..8..P.....Z.8#Z#
#8.....P.P...P#5#
#..........P..#4# #+#
.8Z.........##@# #.#
#.8.8P..P88###.# #.#
###.5....#### ##.##
##.## Z...######
#...######...## #####
#.............##### #
#...######........# #
##### ##.#####.# #
#........ # #.#####.#


You could see a hellwing, a shadow imp and a centaur warrior skeleton.

Vanquished Creatures
  A hydra (D:8)
  Pikel (D:6)
  2 centaur zombies (D:8)
  Grinder (D:4)
  2 dream sheep (D:8)
  2 yaks (D:8)
  A hungry ghost (D:8)
  A hornet zombie (D:8)
  An ice beast (D:5)
  An orc warrior (D:6)
  3 ogres
  Blork the orc (D:6)
  3 big kobolds (D:8)
  3 bullfrogs
  A gnoll sergeant (D:7)
  A water moccasin skeleton (D:5)
  4 scorpions
  6 killer bees
  A bullfrog zombie (D:7)
  3 crimson imps
  2 orc priests (D:6)
  2 bullfrog skeletons
  3 jellies
  8 orc wizards
  Crazy Yiuf (D:5)
  2 centaur skeletons
  2 hounds
  2 worker ants
  2 iguanas
  2 hound zombies (D:6)
  A worker ant zombie (D:6)
  A howler monkey zombie (D:6)
  4 gnolls (D:7)
  4 adders
  3 shadow imps
  An ooze (D:2)
  4 worms
  4 dart slugs
  5 leopard geckos
  26 orcs
  8 giant cockroaches
  12 goblins
  13 hobgoblins
  13 jackals
  5 kobolds
  A quokka (D:6)
  9 bats
  5 frilled lizards
  2 leopard gecko skeletons
  6 rats
192 creatures vanquished.

Vanquished Creatures (others)
  A slave (D:6)
  A centaur (D:6)
  A shadow imp (D:6)
  An orc (D:6)
  A ball python (D:6)
  3 withered plants (D:6)
8 creatures vanquished.

Grand Total: 200 creatures vanquished

Notes
Turn   | Place    | Note
-------+----------+-------------------------------------------
     0 | D:1      | Hasart the Demigod Earth Elementalist began the quest for the Orb.
     0 | D:1      | Reached XP level 1. HP: 14/14 MP: 5/5
   159 | D:1      | Reached skill level 3 in Earth Magic
   390 | D:1      | Reached XP level 2. HP: 8/20 MP: 5/7
  1373 | D:2      | Reached XP level 3. HP: 26/26 MP: 6/9
  1683 | D:2      | Reached skill level 4 in Earth Magic
  2580 | D:3      | Reached XP level 4. HP: 33/33 MP: 8/10
  3286 | D:3      | Learned a level 3 spell: Stone Arrow
  3358 | D:3      | Reached XP level 5. HP: 26/38 MP: 4/12
  3880 | D:4      | Reached skill level 5 in Earth Magic
  3903 | D:4      | Reached skill level 1 in Shields
  3906 | D:4      | Noticed an ogre
  3906 | D:4      | Noticed Grinder
  3909 | D:4      | Killed Grinder
  3909 | D:4      | Reached XP level 6. HP: 45/45 MP: 8/14
  4198 | D:4      | Reached skill level 6 in Earth Magic
  4198 | D:4      | Reached XP level 7. HP: 50/50 MP: 12/16
  4403 | D:5      | Entered Level 5 of the Dungeon
  4491 | D:5      | Found a runed door.
  4615 | D:5      | Noticed Crazy Yiuf
  4618 | D:5      | Killed Crazy Yiuf
  4702 | D:5      | Found a staircase to the Ecumenical Temple.
  5498 | D:5      | Reached skill level 7 in Earth Magic
  5501 | D:5      | Found a sacrificial altar of Ru.
  5501 | D:5      | Found a deep blue altar of Sif Muna.
  5502 | D:5      | Found a blossoming altar of Fedhas.
  5514 | D:5      | Learned a level 5 spell: Lee's Rapid Deconstruction
  5613 | D:6      | Reached XP level 8. HP: 23/57 MP: 10/18
  5754 | D:6      | Reached skill level 1 in Conjurations
  6135 | D:6      | Noticed Pikel
  6142 | D:6      | Killed Pikel
  6142 | D:6      | Reached skill level 5 in Spellcasting
  6142 | D:6      | Reached skill level 8 in Earth Magic
  6415 | D:6      | Found Qauco's Food Emporium.
  6487 | D:6      | Noticed Blork the orc
  6490 | D:6      | Killed Blork the orc
  6636 | D:7      | Reached XP level 9. HP: 61/62 MP: 20/20
  7104 | D:7      | Reached skill level 9 in Earth Magic
  8008 | D:7      | Found a stormy altar of Qazlal.
  8061 | D:8      | Noticed a three-headed hydra
  8087 | D:8      | Killed a three-headed hydra
  8087 | D:8      | Reached skill level 5 in Conjurations
  8087 | D:8      | Reached skill level 10 in Earth Magic
  8103 | D:8      | Reached XP level 10. HP: 52/69 MP: 21/23
  8931 | D:8      | HP: 1/69 [hellwing (12)]
  8931 | D:8      | Slain by a hellwing

Vault maps used:
D:1:      dpeg_arrival_rhombi, serial_glass, glass_columns_a, glass_columns_c,
          glass_columns_a, glass_columns_b, glass_columns_c, glass_columns_b
D:2:      first_bread
D:3:      cheibrodos_helix_gallery
D:4:      uniq_grinder
D:5:      gammafunk_temple_overflow_forgotten, minmay_temple_entry_mist,
          uniq_crazy_yiuf_cottage
D:6:      serial_undead, serial_undead_c, serial_undead_b, serial_undead_e,
          serial_undead_c, serial_shops, shop, uniq_blork_the_orc, uniq_pikel
D:7:      kennysheep_mini
D:8:      cheibrodos_grave_circle, hangedman_ranch

Skill      XL: |  1  2  3  4  5  6  7  8  9 |
---------------+----------------------------+-----
Earth Magic    | 3 4 5 6 7 8 10 | 10.6
Spellcasting   | 2 3 4 5 6 |  6.9
Shields        | 1 2 3 4 |  4.0
Conjurations   | 3 5 |  5.5
Dodging        | |  1.7
Stealth        | |  1.7
Transmutations | |  0.8

Action                   |  1- 3 |  4- 6 |  7- 9 | 10-12 || total
-------------------------+-------+-------+-------+-------++-------
Melee: Club              |    23 |       |       |       ||    23
       Unarmed           |     1 |       |       |       ||     1
       Hand axe          |    28 |    36 |       |       ||    64
       Spear             |    31 |    56 |   135 |     1 ||   223
       Short sword       |    25 |       |       |       ||    25
       Quarterstaff      |       |       |    53 |       ||    53
 Cast: Sandblast         |    29 |    38 |   100 |    26 ||   193
       Stone Arrow       |       |       |       |    15 ||    15
  Use: Scroll            |     6 |     2 |       |     1 ||     9
       Potion            |       |       |       |     2 ||     2
 Stab: Sleeping          |     7 |     3 |     4 |       ||    14
       Confused          |       |       |     1 |       ||     1
  Eat: Chunk             |     5 |     6 |    11 |       ||    22
       Fruit             |       |       |       |     3 ||     3
Armor: Robe              |    34 |    16 |    34 |     8 ||    92
Dodge: Dodged            |    86 |    76 |   107 |    19 ||   288
Block: Buckler           |       |       |    31 |    13 ||    44

Table legend:
 A = Spawn XP
 B = Non-spawn XP
 C = Spawn XP percentage of total XP
 D = Spawn monster count
 E = Non-spawn monster count
 F = Spawn count percentage of total count
 G = Total turns spent on level
                    A         B        C        D         E        F      G
               +---------+---------+-------+---------+---------+-------+---------
         Total |       0 |    8118 |   0.0 |       0 |     192 |   0.0 |  8931
               +---------+---------+-------+---------+---------+-------+---------
           D:1 |       0 |      41 |   0.0 |       0 |      21 |   0.0 |  1370
           D:2 |       0 |      70 |   0.0 |       0 |      28 |   0.0 |  1402
           D:3 |       0 |     204 |   0.0 |       0 |      31 |   0.0 |  1137
           D:4 |       0 |     619 |   0.0 |       0 |      12 |   0.0 |   494
           D:5 |       0 |     589 |   0.0 |       0 |      27 |   0.0 |  1140
           D:6 |       0 |    1736 |   0.0 |       0 |      33 |   0.0 |  1318
           D:7 |       0 |     975 |   0.0 |       0 |      23 |   0.0 |   789
           D:8 |       0 |    3884 |   0.0 |       0 |      17 |   0.0 |  1281
               +---------+---------+-------+---------+---------+-------+---------
